cohdb
Replays
Latest Replays
All Replays
Popular Replays
Top Player Replays
Match Explorer
How It Works
Community
CoH3 Stats
Reddit
Sign in to upload your games and track your stats! →
Sign in with Steam
Match 44445519
Unlisted
Match 44445519
Overview
Messages
Build Orders
End
Selects Airborne Battlegroup
Selects Pathfinders
Selects Heavy Machine Gun Paradrop
Construct Barracks
M1 Mortar Team
M1 Mortar Team
Heavy Machine Gun Paradrop
Riflemen Squad
Grenade Package
Construct Weapon Support Center
Heavy Machine Gun Paradrop
Selects Paratrooper Squad Paradrop
Construct Medical Station
Bazooka Squad
Selects Recon Loiter
Paratrooper Squad Paradrop
Paratrooper Squad Paradrop
Improved M9 Bazooka Rockets
Bazooka Squad
Mechanized Support Center
Selects Supply Drop
Bazooka Squad
Paratrooper Squad Paradrop
Paratrooper Squad Paradrop
Selects Dual P-47 Rocket Strike
Dual P-47 Rocket Strike
Construct Tank Depot
Recon Loiter
M1 Mortar Team
Dual P-47 Rocket Strike
GiggleSticks
Cabal4LXK
gallyver
Joraad
Kalashnikov_RU
32Carnage
0
0
Comments
sign in to comment!
No comments posted yet!